 Dungeon Crawl Stone Soup version 0.25-a0-161-gb7fd73da8f (webtiles) character file.

Game seed: 9235301490146233680, levelgen mode: deterministic

14 bmfx the Cutter (level 2, -2/18 HPs)
             Began as a Deep Elf Chaos Knight on Nov 21, 2019.
             Was a Plaything of Xom.
             Slain by a swamp dragon (glowing shapeshifter) (10 damage)
             ... on level 1 of the Dungeon.
             The game lasted 00:01:12 (511 turns).

bmfx the Cutter (Deep Elf Chaos Knight)              Turns: 511, Time: 00:01:13

Health: -2/18      AC:  5    Str:  9    XL:     2   Next: 27%
Magic:  4/4        EV: 12    Int: 16    God:    Xom [..*...]
Gold:   0          SH:  0    Dex: 14    Spells: 1/1 levels left

rFire    . . .     SeeInvis .   a - +0 short sword (chaos)
rCold    . . .     Gourm    .   (no shield)
rNeg     . . .     Faith    .   b - +2 leather armour
rPois    .         Spirit   .   h - +0 hat
rElec    .         Reflect  .   (no cloak)
rCorr    .         Harm     .   (no gloves)
MR       .....     Rnd*Tele +   (no boots)
Stlth    ++........             (no amulet)
HPRegen  0.06/turn              e - ring of teleportation (curse)
MPRegen  0.09/turn              (no ring)

@: no status effects
A: no striking features
a: Renounce Religion


You were on level 1 of the Dungeon.
You worshipped Xom.
You were a toy of Xom.
You were not hungry.

You visited 1 branch of the dungeon, and saw 1 of its levels.

Dungeon Overview and Level Annotations

Branches:
Dungeon (1/15)

Altars:


   Skills:
 - Level 2.4 Fighting
 + Level 3.3 Short Blades
 - Level 0.7 Armour
 - Level 2.4 Dodging
 + Level 1.8 Stealth


You had one spell level left.
You didn't know any spells.
Your spell library was empty.

Action                   || total
-------------------------++-------
Melee: Short sword       ||    41
 Stab: Sleeping          ||     1
Armor: Leather armour    ||    18
Dodge: Dodged            ||    27

Skill      XL: |  1 |
---------------+----+-----
Stealth        | 1 |  1.8
Fighting       | |  2.4
Short Blades   | |  3.3
Armour         | |  0.7
Dodging        | |  2.4

Inventory:

Hand Weapons
 a - a +0 short sword of chaos (weapon)
Armour
 b - a +2 leather armour (worn)
 h - a +0 hat (worn)
Jewellery
 e - a cursed ring of teleportation (left hand)
Scrolls
 d - a scroll of noise {unknown}
 i - a scroll of identify {unknown}
 k - a scroll of enchant weapon {unknown}
 l - a scroll of blinking {unknown}
Potions
 g - a potion of might {unknown}
 j - a potion of haste {unknown}
 m - 3 potions of resistance {unknown}
Comestibles
 c - 2 rations
 f - 7 chunks of flesh {@w1}

#.)........#
#..........#
#..........#
###.########
##### #.# #...#
#.# #...# #.#
#...###.#
+...K{@.#
#...#####
#+##### #...#
....$..####...#
..............#
...........(..#
#+#.......(####
#........#
#........#


You could see a kobold.

Vanquished Creatures
  An ooze (D:1)
  A bat (D:1)
  A goblin (D:1)
  A hobgoblin (D:1)
  2 jackals (D:1)
  A kobold (D:1)
  A rat (D:1)
8 creatures vanquished.

Levels and vault maps discovered:
D:1:      wander_arrival_lonely_grave, layout_basic, minmay_tetromino_o4


Message History

The bat changes into a glowing shapeshifter!
Xom thinks this is hilarious!
The glowing shapeshifter changes into a death drake!
You hit the death drake. You burn the death drake.
The death drake is lightly wounded.
The death drake completely misses you.
You hit the death drake.
You feel better.
The death drake is lightly wounded.
The death drake changes into a floating eye!
You hit the floating eye. You burn the floating eye.
The floating eye is moderately wounded.
The floating eye changes into a dream sheep!
You hit the dream sheep.
The dream sheep is poisoned.
The dream sheep is lightly wounded.
The dream sheep changes into a swamp dragon!
You hit the swamp dragon.
The swamp dragon flickers and vanishes!
Deactivating autopickup; reactivate with Ctrl-A.
Something bites you! Something claws you!
Ouch! That really hurt!
You die...

Notes
Turn   | Place    | Note
-------+----------+-------------------------------------------
     0 | D:1      | bmfx the Deep Elf Chaos Knight began the quest for the Orb.
     0 | D:1      | Reached XP level 1. HP: 13/13 MP: 3/3
   284 | D:1      | Reached skill level 1 in Stealth
   289 | D:1      | XOM: harmless Chrm miscast
   320 | D:1      | Reached XP level 2. HP: 13/18 MP: 4/4
   424 | D:1      | XOM: divination: detect creatures
   486 | D:1      | XOM: harmless Erth miscast
   506 | D:1      | Noticed a glowing shapeshifter
   506 | D:1      | a bat changed into a glowing shapeshifter
   506 | D:1      | Noticed a death drake
   506 | D:1      | a glowing shapeshifter changed into a death drake
   508 | D:1      | Noticed a floating eye
   508 | D:1      | a death drake changed into a floating eye
   509 | D:1      | Noticed a dream sheep
   509 | D:1      | a floating eye changed into a dream sheep
   510 | D:1      | Noticed a swamp dragon
   510 | D:1      | a dream sheep changed into a swamp dragon
   511 | D:1      | Slain by a swamp dragon (glowing shapeshifter)
